[ AOE2 MATCH · #508086374 ]
UnrankedTurks vs Jurchens
[ REPLAY ANALYSIS · EXTRACTED FROM THE RECORDED GAME ]
Feudal
12:38
Castle
17:32
Imperial
—
| APM avg | 64.3 |
| APM peak | 104 |
| eAPM avg | 39.0 |
| Villagers / military | 126 / 110 |
Focus
⚔️ 57.2% · 🌾 42.8%
Cavalry Archer ×52 · Archer ×40 · Galley ×18 · Fishing Ship ×18 · Unknown (2626) ×17
Feudal
10:21
Castle
15:58
Imperial
—
| APM avg | 55.0 |
| APM peak | 95 |
| eAPM avg | 23.5 |
| Villagers / military | 153 / 41 |
Focus
⚔️ 37.8% · 🌾 62.2%
Cavalry Archer ×36 · Fishing Ship ×7 · Unknown (2626) ×6 · Iron Pagoda ×5
Feudal
11:35
Castle
19:51
Imperial
31:09
| APM avg | 56.1 |
| APM peak | 96 |
| eAPM avg | 25.6 |
| Villagers / military | 142 / 33 |
Focus
⚔️ 42.7% · 🌾 57.3%
Elephant Archer ×29 · Unknown (2626) ×19 · Fishing Ship ×5 · Trebuchet (Packed) ×3 · Monk ×1
Feudal
10:38
Castle
15:23
Imperial
—
| APM avg | 82.1 |
| APM peak | 151 |
| eAPM avg | 36.4 |
| Villagers / military | 129 / 79 |
Focus
⚔️ 25.1% · 🌾 74.9%
Scout Cavalry ×59 · Unknown (2626) ×35 · Fishing Ship ×24 · Fire Galley ×15 · Transport Ship ×3 · Monk ×2
Match map
Initial resources + every placement click. Lines = walls · curves = elevation contours. ◆ gold · ⬟ stone · ● berries · ✦ relic · ◌ wall gap
Your base· ✓ Closed at 17:32 · 25t walls · no gate
Fs.Mareonix's base· ✓ Closed at 15:58 · 22t walls · no gate
Smiley's base· ✓ Closed at 19:51 · 19t walls · 2 gate(s)
Fs.Wolverine's base· ✓ Closed at 15:23 · 14t walls · no gate
Smoothed initial terrain · ◌ = detected wall gap · hover for details
Inputs per minute
— TAG_Sitaux - - Fs.Mareonix
Build order — TAG_Sitaux
First 150 of 427 actions detected
| 0:01 | Queue | Villager (Male) |
| 0:01 | Queue | Villager (Male) |
| 0:02 | Build | House |
| 0:03 | Build | House |
| 0:07 | Queue | Villager (Male) |
| 0:07 | Queue | Villager (Male) |
| 1:27 | Queue | Villager (Male) |
| 1:50 | Queue | Villager (Male) |
| 1:50 | Queue | Villager (Male) |
| 2:12 | Build | Lumber Camp |
| 2:21 | Queue | Villager (Male) |
| 2:21 | Queue | Villager (Male) |
| 2:46 | Queue | Villager (Male) |
| 2:47 | Queue | Villager (Male) |
| 3:04 | Queue | Villager (Male) |
| 3:04 | Queue | Villager (Male) |
| 3:29 | Queue | Villager (Male) |
| 3:29 | Queue | Villager (Male) |
| 3:43 | Build | Dock |
| 3:58 | Queue | Villager (Male) |
| 4:26 | Queue | Fishing Ship |
| 4:26 | Queue | Fishing Ship |
| 4:27 | Queue | Villager (Male) |
| 4:27 | Queue | Villager (Male) |
| 4:45 | Queue | Villager (Male) |
| 4:47 | Build | Palisade Wall |
| 4:48 | Build | Palisade Wall |
| 4:54 | Build | House |
| 5:16 | Queue | Fishing Ship |
| 5:16 | Queue | Fishing Ship |
| 5:20 | Queue | Villager (Male) |
| 5:23 | Queue | Villager (Male) |
| 5:23 | Queue | Villager (Male) |
| 5:48 | Queue | Villager (Male) |
| 5:52 | Build | Lumber Camp |
| 6:09 | Queue | Fishing Ship |
| 6:09 | Queue | Fishing Ship |
| 6:31 | Build | House |
| 6:34 | Queue | Villager (Male) |
| 6:39 | Queue | Fishing Ship |
| 6:59 | Queue | Villager (Male) |
| 7:12 | Build | Dock |
| 7:19 | Queue | Villager (Male) |
| 7:26 | Queue | Fishing Ship |
| 7:32 | Queue | Villager (Male) |
| 7:44 | Build | House |
| 7:48 | Build | Palisade Wall |
| 7:49 | Build | Palisade Wall |
| 7:50 | Build | Palisade Wall |
| 7:54 | Queue | Fishing Ship |
| 7:57 | Research | Loom |
| 8:06 | Queue | Fishing Ship |
| 8:22 | Queue | Villager (Male) |
| 8:32 | Queue | Fishing Ship |
| 8:32 | Queue | Fishing Ship |
| 8:43 | Queue | Villager (Male) |
| 8:49 | Build | Palisade Wall |
| 8:56 | Queue | Fishing Ship |
| 9:18 | Queue | Fishing Ship |
| 9:35 | Queue | Villager (Male) |
| 9:39 | Build | Mining Camp |
| 9:42 | Queue | Fishing Ship |
| 9:54 | Queue | Villager (Male) |
| 10:00 | Build | Mill |
| 10:04 | Queue | Fishing Ship |
| 10:11 | Build | House |
| 10:28 | Research | Feudal Age |
| 10:28 | Research | Feudal Age |
| 10:31 | Queue | Fishing Ship |
| 11:03 | Build | Palisade Wall |
| 11:06 | Queue | Fishing Ship |
| 11:32 | Build | Barracks |
| 11:35 | Queue | Villager (Male) |
| 12:03 | Build | Dock |
| 12:05 | Build | Palisade Wall |
| 12:08 | Build | Palisade Wall |
| 12:09 | Build | Palisade Wall |
| 12:38 | Age | Feudal Age |
| 12:41 | Build | Blacksmith |
| 12:43 | Build | Archery Range |
| 12:51 | Build | House |
| 12:55 | Queue | Villager (Male) |
| 13:15 | Build | House |
| 13:18 | Build | House |
| 13:21 | Build | House |
| 13:24 | Build | House |
| 13:28 | Queue | Villager (Male) |
| 13:29 | Queue | Archer |
| 13:31 | Build | Archery Range |
| 13:33 | Research | Double-Bit Axe |
| 13:33 | Research | Double-Bit Axe |
| 13:53 | Queue | Villager (Male) |
| 14:04 | Build | Palisade Wall |
| 14:08 | Queue | Archer |
| 14:16 | Queue | Unit 2626 |
| 14:16 | Queue | Unit 2626 |
| 14:17 | Queue | Unit 2626 |
| 14:20 | Queue | Villager (Male) |
| 14:26 | Queue | Archer |
| 14:46 | Build | Archery Range |
| 14:52 | Research | Castle Age |
| 14:52 | Research | Castle Age |
| 14:53 | Queue | Archer |
| 15:06 | Queue | Archer |
| 15:12 | Queue | Archer |
| 15:27 | Research | Fletching |
| 15:27 | Research | Fletching |
| 15:35 | Queue | Archer |
| 15:41 | Build | Mining Camp |
| 15:45 | Research | Tech 906 |
| 15:55 | Queue | Archer |
| 15:55 | Queue | Archer |
| 15:56 | Research | Gold Mining |
| 15:56 | Research | Gold Mining |
| 16:17 | Queue | Archer |
| 16:18 | Queue | Archer |
| 16:19 | Queue | Archer |
| 16:29 | Queue | Archer |
| 16:34 | Queue | Archer |
| 16:34 | Queue | Archer |
| 16:41 | Queue | Archer |
| 16:41 | Queue | Archer |
| 16:55 | Queue | Archer |
| 17:05 | Queue | Villager (Male) |
| 17:32 | Age | Castle Age |
| 17:34 | Research | Crossbowman (upgrade) |
| 17:34 | Research | Crossbowman (upgrade) |
| 17:35 | Research | Bodkin Arrow |
| 17:35 | Research | Bodkin Arrow |
| 17:40 | Queue | Villager (Male) |
| 17:41 | Build | Town Center |
| 17:46 | Queue | Villager (Male) |
| 17:47 | Build | Town Center |
| 17:53 | Queue | Archer |
| 17:58 | Build | House |
| 18:00 | Queue | Villager (Male) |
| 18:10 | Queue | Archer |
| 18:14 | Build | Palisade Wall |
| 18:18 | Queue | Archer |
| 18:23 | Research | Padded Archer Armor |
| 18:23 | Research | Padded Archer Armor |
| 18:25 | Queue | Villager (Male) |
| 18:32 | Queue | Archer |
| 18:33 | Build | House |
| 18:36 | Queue | Archer |
| 18:37 | Queue | Archer |
| 18:44 | Queue | Archer |
| 18:49 | Queue | Archer |
| 18:57 | Queue | Villager (Male) |
| 19:00 | Queue | Villager (Male) |
Build order — Fs.Mareonix
First 150 of 322 actions detected
| 0:00 | Queue | Villager (Male) |
| 0:00 | Queue | Villager (Male) |
| 0:00 | Queue | Villager (Male) |
| 0:00 | Queue | Villager (Male) |
| 0:00 | Queue | Villager (Male) |
| 0:00 | Queue | Villager (Male) |
| 0:01 | Queue | Villager (Male) |
| 0:01 | Queue | Villager (Male) |
| 0:01 | Queue | Villager (Male) |
| 0:01 | Queue | Villager (Male) |
| 0:01 | Queue | Villager (Male) |
| 0:01 | Queue | Villager (Male) |
| 0:01 | Queue | Villager (Male) |
| 0:01 | Queue | Villager (Male) |
| 0:02 | Build | House |
| 0:03 | Build | House |
| 1:40 | Queue | Villager (Male) |
| 1:40 | Queue | Villager (Male) |
| 1:43 | Build | Lumber Camp |
| 1:59 | Queue | Villager (Male) |
| 1:59 | Queue | Villager (Male) |
| 2:12 | Queue | Villager (Male) |
| 2:12 | Queue | Villager (Male) |
| 2:40 | Queue | Villager (Male) |
| 2:41 | Queue | Villager (Male) |
| 3:15 | Queue | Villager (Male) |
| 3:15 | Queue | Villager (Male) |
| 3:21 | Build | House |
| 3:43 | Queue | Villager (Male) |
| 3:43 | Queue | Villager (Male) |
| 3:43 | Queue | Villager (Male) |
| 3:43 | Queue | Villager (Male) |
| 3:43 | Queue | Villager (Male) |
| 4:02 | Build | Dock |
| 4:17 | Queue | Villager (Male) |
| 4:17 | Queue | Villager (Male) |
| 4:33 | Queue | Villager (Male) |
| 4:34 | Queue | Villager (Male) |
| 4:41 | Queue | Fishing Ship |
| 4:45 | Queue | Villager (Male) |
| 4:45 | Queue | Villager (Male) |
| 5:18 | Build | House |
| 5:25 | Queue | Villager (Male) |
| 5:25 | Queue | Villager (Male) |
| 5:25 | Queue | Villager (Male) |
| 5:33 | Queue | Fishing Ship |
| 6:01 | Queue | Villager (Male) |
| 6:01 | Queue | Villager (Male) |
| 6:12 | Research | Loom |
| 6:12 | Queue | Villager (Male) |
| 6:32 | Queue | Villager (Male) |
| 6:39 | Build | Palisade Wall |
| 6:45 | Build | Palisade Wall |
| 6:47 | Build | Palisade Wall |
| 6:49 | Queue | Villager (Male) |
| 6:57 | Queue | Villager (Male) |
| 7:39 | Build | House |
| 7:48 | Queue | Fishing Ship |
| 8:11 | Research | Feudal Age |
| 8:15 | Build | Palisade Wall |
| 8:20 | Build | Palisade Wall |
| 8:32 | Build | Mill |
| 8:49 | Build | Mining Camp |
| 9:04 | Build | House |
| 9:06 | Build | Palisade Wall |
| 9:06 | Build | Palisade Wall |
| 10:05 | Queue | Villager (Male) |
| 10:21 | Age | Feudal Age |
| 10:23 | Queue | Villager (Male) |
| 10:32 | Build | Barracks |
| 11:13 | Queue | Villager (Male) |
| 11:17 | Queue | Villager (Male) |
| 11:31 | Build | Archery Range |
| 11:44 | Queue | Villager (Male) |
| 12:09 | Queue | Villager (Male) |
| 12:20 | Queue | Villager (Male) |
| 12:23 | Build | Blacksmith |
| 12:52 | Research | Double-Bit Axe |
| 12:52 | Research | Double-Bit Axe |
| 13:00 | Research | Castle Age |
| 13:02 | Queue | Fishing Ship |
| 13:33 | Build | Lumber Camp |
| 13:55 | Queue | Unit 2626 |
| 14:09 | Build | House |
| 14:11 | Build | House |
| 14:14 | Build | House |
| 14:47 | Queue | Unit 2626 |
| 14:59 | Build | Archery Range |
| 15:11 | Research | Fletching |
| 15:11 | Research | Fletching |
| 15:38 | Queue | Villager (Male) |
| 15:39 | Queue | Unit 2626 |
| 15:54 | Queue | Unit 2626 |
| 15:58 | Age | Castle Age |
| 16:01 | Queue | Cavalry Archer |
| 16:01 | Queue | Cavalry Archer |
| 16:04 | Queue | Villager (Male) |
| 16:21 | Queue | Villager (Male) |
| 16:32 | Research | Bodkin Arrow |
| 16:32 | Research | Bodkin Arrow |
| 16:32 | Queue | Villager (Male) |
| 17:12 | Queue | Cavalry Archer |
| 17:12 | Queue | Cavalry Archer |
| 17:16 | Build | Palisade Gate |
| 17:18 | Build | Palisade Wall |
| 17:24 | Queue | Cavalry Archer |
| 17:24 | Queue | Cavalry Archer |
| 17:32 | Build | Town Center |
| 17:37 | Build | Farm |
| 17:37 | Build | Farm |
| 17:37 | Build | Farm |
| 17:37 | Build | Farm |
| 17:37 | Build | Farm |
| 17:38 | Build | Farm |
| 17:40 | Queue | Villager (Male) |
| 17:40 | Queue | Villager (Male) |
| 17:41 | Queue | Villager (Male) |
| 17:47 | Queue | Unit 2626 |
| 17:53 | Queue | Villager (Male) |
| 17:53 | Queue | Villager (Male) |
| 17:53 | Queue | Villager (Male) |
| 17:53 | Queue | Villager (Male) |
| 17:53 | Queue | Villager (Male) |
| 17:53 | Queue | Villager (Male) |
| 17:53 | Queue | Villager (Male) |
| 18:02 | Queue | Cavalry Archer |
| 18:02 | Queue | Cavalry Archer |
| 18:10 | Build | House |
| 18:14 | Build | House |
| 18:16 | Build | House |
| 18:31 | Build | House |
| 18:38 | Build | Farm |
| 18:43 | Queue | Cavalry Archer |
| 18:43 | Queue | Cavalry Archer |
| 18:58 | Queue | Unit 2626 |
| 19:00 | Queue | Villager (Male) |
| 19:22 | Queue | Villager (Male) |
| 19:23 | Queue | Cavalry Archer |
| 19:23 | Queue | Cavalry Archer |
| 19:24 | Queue | Villager (Male) |
| 19:24 | Queue | Villager (Male) |
| 19:24 | Queue | Villager (Male) |
| 19:25 | Queue | Villager (Male) |
| 19:32 | Build | House |
| 19:37 | Build | Farm |
| 19:38 | Queue | Villager (Male) |
| 19:38 | Queue | Villager (Male) |
| 19:57 | Build | Farm |
| 20:00 | Build | House |
| 20:12 | Queue | Villager (Male) |
Build order — Smiley
First 150 of 319 actions detected
| 0:00 | Queue | Villager (Male) |
| 0:01 | Queue | Villager (Male) |
| 0:02 | Build | House |
| 0:03 | Build | House |
| 0:05 | Queue | Villager (Male) |
| 0:05 | Queue | Villager (Male) |
| 0:06 | Queue | Villager (Male) |
| 1:26 | Queue | Villager (Male) |
| 1:27 | Queue | Villager (Male) |
| 1:49 | Build | Lumber Camp |
| 1:52 | Queue | Villager (Male) |
| 2:07 | Queue | Villager (Male) |
| 2:07 | Queue | Villager (Male) |
| 2:45 | Queue | Villager (Male) |
| 3:04 | Queue | Villager (Male) |
| 3:05 | Queue | Villager (Male) |
| 3:24 | Build | House |
| 3:29 | Queue | Villager (Male) |
| 3:29 | Queue | Villager (Male) |
| 4:09 | Queue | Villager (Male) |
| 4:09 | Queue | Villager (Male) |
| 4:28 | Queue | Villager (Male) |
| 4:28 | Queue | Villager (Male) |
| 4:38 | Build | Dock |
| 5:03 | Queue | Villager (Male) |
| 5:03 | Queue | Villager (Male) |
| 5:17 | Queue | Fishing Ship |
| 5:31 | Queue | Villager (Male) |
| 5:31 | Queue | Villager (Male) |
| 5:33 | Queue | Villager (Male) |
| 5:47 | Build | Palisade Wall |
| 5:49 | Build | Palisade Wall |
| 5:53 | Queue | Fishing Ship |
| 5:54 | Queue | Fishing Ship |
| 6:09 | Queue | Villager (Male) |
| 6:10 | Queue | Villager (Male) |
| 6:13 | Queue | Fishing Ship |
| 6:24 | Build | House |
| 6:25 | Build | House |
| 6:38 | Queue | Villager (Male) |
| 6:52 | Queue | Villager (Male) |
| 7:27 | Research | Loom |
| 7:50 | Build | Palisade Gate |
| 7:51 | Build | Palisade Wall |
| 8:05 | Queue | Villager (Male) |
| 8:08 | Build | House |
| 8:10 | Build | Palisade Wall |
| 8:32 | Queue | Villager (Male) |
| 8:35 | Build | Palisade Wall |
| 9:00 | Queue | Villager (Male) |
| 9:07 | Build | Dock |
| 9:13 | Queue | Villager (Male) |
| 9:17 | Research | Feudal Age |
| 9:17 | Research | Feudal Age |
| 9:30 | Build | Mining Camp |
| 9:53 | Queue | Villager (Male) |
| 10:18 | Queue | Fishing Ship |
| 11:02 | Build | Barracks |
| 11:35 | Age | Feudal Age |
| 11:37 | Queue | Unit 2626 |
| 11:38 | Queue | Unit 2626 |
| 11:45 | Queue | Villager (Male) |
| 11:46 | Research | Double-Bit Axe |
| 11:50 | Build | Mill |
| 11:59 | Build | House |
| 12:11 | Build | House |
| 12:21 | Queue | Villager (Male) |
| 12:36 | Queue | Villager (Male) |
| 12:43 | Research | Horse Collar |
| 12:46 | Queue | Unit 2626 |
| 12:47 | Queue | Unit 2626 |
| 12:53 | Queue | Villager (Male) |
| 12:56 | Build | House |
| 12:57 | Build | House |
| 13:03 | Research | Gold Mining |
| 13:11 | Queue | Villager (Male) |
| 13:15 | Queue | Unit 2626 |
| 13:15 | Queue | Unit 2626 |
| 13:21 | Queue | Villager (Male) |
| 13:30 | Queue | Villager (Male) |
| 13:47 | Build | Blacksmith |
| 13:49 | Build | Farm |
| 13:51 | Build | Farm |
| 13:54 | Build | House |
| 13:55 | Build | House |
| 14:09 | Queue | Unit 2626 |
| 14:09 | Queue | Unit 2626 |
| 14:12 | Queue | Villager (Male) |
| 14:19 | Build | Farm |
| 14:37 | Queue | Villager (Male) |
| 14:54 | Queue | Villager (Male) |
| 14:56 | Queue | Villager (Male) |
| 14:58 | Build | Farm |
| 14:59 | Build | Farm |
| 15:01 | Build | Farm |
| 15:04 | Queue | Villager (Male) |
| 15:07 | Build | Farm |
| 15:08 | Build | Farm |
| 15:32 | Build | Gate |
| 16:00 | Queue | Villager (Male) |
| 16:14 | Queue | Villager (Male) |
| 16:17 | Build | Farm |
| 16:17 | Build | Farm |
| 16:20 | Build | Market |
| 16:43 | Queue | Villager (Male) |
| 17:01 | Queue | Villager (Male) |
| 17:05 | Build | Lumber Camp |
| 17:10 | Research | Castle Age |
| 17:10 | Research | Castle Age |
| 17:29 | Queue | Villager (Male) |
| 17:37 | Build | Palisade Wall |
| 18:51 | Research | Stone Mining |
| 19:30 | Queue | Unit 2626 |
| 19:30 | Queue | Unit 2626 |
| 19:51 | Age | Castle Age |
| 19:59 | Build | Town Center |
| 20:01 | Build | Town Center |
| 20:05 | Research | Wheelbarrow |
| 20:05 | Research | Wheelbarrow |
| 20:18 | Queue | Villager (Male) |
| 20:18 | Queue | Villager (Male) |
| 20:23 | Queue | Villager (Male) |
| 20:37 | Queue | Villager (Male) |
| 20:37 | Queue | Villager (Male) |
| 20:44 | Queue | Unit 2626 |
| 20:44 | Queue | Unit 2626 |
| 21:02 | Queue | Villager (Male) |
| 21:03 | Queue | Villager (Male) |
| 21:03 | Queue | Villager (Male) |
| 21:03 | Queue | Villager (Male) |
| 21:09 | Research | Heavy Plow |
| 21:10 | Research | Bow Saw |
| 21:23 | Queue | Unit 2626 |
| 21:23 | Queue | Unit 2626 |
| 21:24 | Queue | Villager (Male) |
| 21:35 | Build | Farm |
| 21:35 | Build | Farm |
| 21:35 | Build | Farm |
| 21:42 | Build | Town Center |
| 21:45 | Research | Town Watch |
| 21:52 | Queue | Unit 2626 |
| 21:52 | Queue | Unit 2626 |
| 21:53 | Queue | Villager (Male) |
| 22:13 | Queue | Villager (Male) |
| 22:14 | Queue | Villager (Male) |
| 22:33 | Queue | Villager (Male) |
| 22:33 | Queue | Villager (Male) |
| 22:39 | Queue | Villager (Male) |
| 22:46 | Queue | Unit 2626 |
| 22:54 | Queue | Villager (Male) |
Build order — Fs.Wolverine
First 150 of 321 actions detected
| 0:01 | Queue | Villager (Male) |
| 0:02 | Build | House |
| 0:03 | Build | House |
| 0:07 | Queue | Villager (Male) |
| 0:07 | Queue | Villager (Male) |
| 0:10 | Queue | Villager (Male) |
| 0:11 | Queue | Villager (Male) |
| 1:01 | Queue | Villager (Male) |
| 1:01 | Queue | Villager (Male) |
| 1:19 | Build | Lumber Camp |
| 1:39 | Queue | Villager (Male) |
| 2:15 | Queue | Villager (Male) |
| 2:44 | Queue | Villager (Male) |
| 2:44 | Queue | Villager (Male) |
| 3:20 | Build | Dock |
| 3:22 | Queue | Villager (Male) |
| 3:22 | Queue | Villager (Male) |
| 3:22 | Queue | Villager (Male) |
| 3:44 | Queue | Villager (Male) |
| 3:44 | Queue | Villager (Male) |
| 4:06 | Build | House |
| 4:08 | Build | House |
| 4:15 | Queue | Villager (Male) |
| 4:15 | Queue | Villager (Male) |
| 4:31 | Queue | Villager (Male) |
| 4:31 | Queue | Villager (Male) |
| 4:39 | Queue | Fishing Ship |
| 4:39 | Queue | Fishing Ship |
| 5:04 | Build | Palisade Wall |
| 5:04 | Build | Palisade Wall |
| 5:08 | Queue | Villager (Male) |
| 5:22 | Queue | Villager (Male) |
| 5:25 | Queue | Fishing Ship |
| 5:25 | Queue | Fishing Ship |
| 5:29 | Build | Palisade Wall |
| 5:29 | Build | Palisade Wall |
| 5:34 | Queue | Villager (Male) |
| 5:35 | Queue | Villager (Male) |
| 5:35 | Queue | Villager (Male) |
| 5:56 | Queue | Villager (Male) |
| 5:57 | Queue | Villager (Male) |
| 5:58 | Queue | Villager (Male) |
| 5:58 | Queue | Villager (Male) |
| 6:05 | Queue | Fishing Ship |
| 6:06 | Queue | Fishing Ship |
| 6:21 | Build | Palisade Wall |
| 6:23 | Build | Palisade Wall |
| 6:24 | Build | Palisade Wall |
| 6:24 | Build | Palisade Wall |
| 6:49 | Build | House |
| 7:34 | Queue | Villager (Male) |
| 7:36 | Build | House |
| 7:39 | Build | Palisade Wall |
| 7:43 | Queue | Villager (Male) |
| 7:58 | Build | Mining Camp |
| 8:17 | Research | Feudal Age |
| 8:17 | Research | Feudal Age |
| 8:19 | Build | Mill |
| 8:41 | Queue | Fishing Ship |
| 9:14 | Queue | Villager (Male) |
| 9:29 | Queue | Fishing Ship |
| 9:29 | Queue | Fishing Ship |
| 10:05 | Build | Dock |
| 10:15 | Queue | Villager (Male) |
| 10:38 | Age | Feudal Age |
| 10:41 | Queue | Villager (Male) |
| 10:50 | Build | Market |
| 11:13 | Queue | Fishing Ship |
| 11:28 | Queue | Villager (Male) |
| 11:51 | Build | Blacksmith |
| 11:58 | Queue | Villager (Male) |
| 12:00 | Build | House |
| 12:28 | Build | Barracks |
| 12:36 | Research | Castle Age |
| 12:36 | Research | Castle Age |
| 13:02 | Research | Scale Barding Armor |
| 13:07 | Research | Double-Bit Axe |
| 13:22 | Build | Stable |
| 13:28 | Research | Scale Barding Armor |
| 13:29 | Research | Scale Barding Armor |
| 13:40 | Queue | Transport Ship |
| 13:40 | Queue | Transport Ship |
| 14:00 | Queue | Scout Cavalry ×2 |
| 14:01 | Queue | Scout Cavalry ×2 |
| 14:07 | Queue | Villager (Male) |
| 14:09 | Queue | Transport Ship |
| 14:43 | Queue | Scout Cavalry |
| 14:43 | Queue | Villager (Male) |
| 14:45 | Build | House |
| 14:47 | Build | House |
| 14:55 | Queue | Fishing Ship |
| 14:56 | Queue | Fishing Ship |
| 14:56 | Queue | Fishing Ship |
| 14:56 | Queue | Fishing Ship |
| 14:56 | Queue | Fishing Ship |
| 14:57 | Queue | Fishing Ship |
| 14:58 | Queue | Fishing Ship |
| 15:02 | Research | Tech 906 |
| 15:20 | Build | Fish Trap |
| 15:23 | Age | Castle Age |
| 15:32 | Research | Light Cavalry (upgrade) |
| 15:32 | Research | Light Cavalry (upgrade) |
| 16:01 | Build | Fish Trap |
| 16:05 | Queue | Villager (Male) |
| 16:16 | Build | Fish Trap |
| 16:19 | Queue | Villager (Male) |
| 16:28 | Queue | Villager (Male) |
| 16:54 | Build | Town Center |
| 16:56 | Queue | Villager (Male) |
| 17:00 | Queue | Unit 2626 |
| 17:00 | Queue | Unit 2626 |
| 17:20 | Queue | Villager (Male) |
| 17:21 | Build | House |
| 17:33 | Build | House |
| 17:42 | Build | Monastery |
| 18:06 | Build | Town Center |
| 18:27 | Queue | Unit 2626 |
| 18:27 | Queue | Unit 2626 |
| 18:46 | Queue | Monk |
| 18:46 | Queue | Monk |
| 18:54 | Build | House |
| 19:14 | Queue | Fishing Ship |
| 19:15 | Queue | Fishing Ship |
| 19:15 | Queue | Fishing Ship |
| 19:23 | Build | House |
| 19:42 | Build | Fish Trap |
| 19:59 | Queue | Villager (Male) |
| 20:04 | Build | Fish Trap |
| 20:20 | Build | House |
| 20:44 | Queue | Villager (Male) |
| 20:44 | Queue | Villager (Male) |
| 21:04 | Queue | Villager (Male) |
| 21:07 | Queue | Scout Cavalry |
| 21:07 | Queue | Scout Cavalry |
| 21:12 | Build | Farm |
| 21:13 | Queue | Villager (Male) |
| 21:13 | Queue | Villager (Male) |
| 21:16 | Build | House |
| 21:26 | Queue | Scout Cavalry |
| 21:26 | Queue | Scout Cavalry |
| 21:33 | Queue | Villager (Male) |
| 21:33 | Queue | Villager (Male) |
| 21:34 | Build | Farm |
| 21:41 | Queue | Villager (Male) |
| 21:41 | Queue | Villager (Male) |
| 21:41 | Queue | Villager (Male) |
| 22:08 | Queue | Scout Cavalry |
| 22:08 | Queue | Scout Cavalry |
| 22:08 | Queue | Scout Cavalry |
| 22:09 | Queue | Fishing Ship |
Match timeline
| 3:20 | Fs.Wolverine · first_building Dock |
| 3:43 | TAG_Sitaux · first_building Dock |
| 4:02 | Fs.Mareonix · first_building Dock |
| 4:38 | Smiley · first_building Dock |
| 4:47 | TAG_Sitaux · wall_segment Palisade Wall x1 |
| 4:48 | TAG_Sitaux · wall_segment Palisade Wall x1 |
| 5:04 | Fs.Wolverine · wall_segment Palisade Wall x1 |
| 5:04 | Fs.Wolverine · wall_segment Palisade Wall x1 |
| 5:29 | Fs.Wolverine · wall_segment Palisade Wall x1 |
| 5:29 | Fs.Wolverine · wall_segment Palisade Wall x1 |
| 5:47 | Smiley · wall_segment Palisade Wall x1 |
| 5:49 | Smiley · wall_segment Palisade Wall x1 |
| 6:21 | Fs.Wolverine · wall_segment Palisade Wall x1 |
| 6:23 | Fs.Wolverine · wall_segment Palisade Wall x1 |
| 6:24 | Fs.Wolverine · wall_segment Palisade Wall x1 |
| 6:24 | Fs.Wolverine · wall_segment Palisade Wall x1 |
| 6:39 | Fs.Mareonix · wall_segment Palisade Wall x4 |
| 6:45 | Fs.Mareonix · wall_segment Palisade Wall x3 |
| 6:47 | Fs.Mareonix · wall_segment Palisade Wall x8 |
| 7:39 | Fs.Wolverine · wall_segment Palisade Wall x6 |
| 7:48 | TAG_Sitaux · wall_segment Palisade Wall x3 |
| 7:49 | TAG_Sitaux · wall_segment Palisade Wall x2 |
| 7:50 | TAG_Sitaux · wall_segment Palisade Wall x5 |
| 7:51 | Smiley · wall_segment Palisade Wall x1 |
| 8:10 | Smiley · wall_segment Palisade Wall x8 |
| 8:15 | Fs.Mareonix · wall_segment Palisade Wall x7 |
| 8:20 | Fs.Mareonix · wall_segment Palisade Wall x1 |
| 8:35 | Smiley · wall_segment Palisade Wall x7 |
| 8:49 | TAG_Sitaux · wall_segment Palisade Wall x9 |
| 9:06 | Fs.Mareonix · wall_segment Palisade Wall x1 |
| 9:06 | Fs.Mareonix · wall_segment Palisade Wall x2 |
| 10:21 | Fs.Mareonix · age_up feudal |
| 10:32 | Fs.Mareonix · first_building Barracks |
| 10:38 | Fs.Wolverine · age_up feudal |
| 11:02 | Smiley · first_building Barracks |
| 11:03 | TAG_Sitaux · wall_segment Palisade Wall x1 |
| 11:31 | Fs.Mareonix · first_building Archery Range |
| 11:32 | TAG_Sitaux · first_building Barracks |
| 11:35 | Smiley · age_up feudal |
| 12:05 | TAG_Sitaux · wall_segment Palisade Wall x1 |
| 12:08 | TAG_Sitaux · wall_segment Palisade Wall x1 |
| 12:09 | TAG_Sitaux · wall_segment Palisade Wall x1 |
| 12:28 | Fs.Wolverine · first_building Barracks |
| 12:38 | TAG_Sitaux · age_up feudal |
| 12:43 | TAG_Sitaux · first_building Archery Range |
| 13:22 | Fs.Wolverine · first_building Stable |
| 14:04 | TAG_Sitaux · wall_segment Palisade Wall x2 |
| 15:23 | Fs.Wolverine · age_up castle |
| 15:58 | Fs.Mareonix · age_up castle |
| 17:18 | Fs.Mareonix · wall_segment Palisade Wall x1 |
| 17:32 | TAG_Sitaux · age_up castle |
| 17:37 | Smiley · wall_segment Palisade Wall x1 |
| 17:42 | Fs.Wolverine · first_building Monastery |
| 18:14 | TAG_Sitaux · wall_segment Palisade Wall x2 |
| 18:44 | Fs.Wolverine · first_market_sell 100 wood |
| 18:55 | Smiley · first_market_buy 100 stone |
| 19:10 | TAG_Sitaux · wall_segment Palisade Wall x2 |
| 19:51 | Smiley · age_up castle |
| 20:38 | Fs.Mareonix · first_building Siege Workshop |
| 21:06 | Fs.Wolverine · first_market_buy 100 food |
| 23:44 | Smiley · first_building Monastery |
| 26:54 | TAG_Sitaux · first_building Stable |
| 28:08 | Smiley · first_building Archery Range |
| 28:29 | Smiley · first_building Castle |
| 29:11 | Fs.Mareonix · first_building Stable |
| 29:32 | Fs.Wolverine · first_building Castle |
| 29:43 | Smiley · wall_segment Stone Wall x9 |
| 29:56 | Smiley · wall_segment Stone Wall x3 |
| 30:16 | TAG_Sitaux · first_market_sell 100 wood |
| 31:09 | Smiley · age_up imperial |
| 31:24 | Smiley · first_market_sell 100 stone |
| 31:47 | Smiley · first_building Siege Workshop |
| 32:29 | Smiley · wall_segment Stone Wall x3 |
| 32:30 | TAG_Sitaux · first_building Castle |
| 32:31 | TAG_Sitaux · wall_segment Palisade Wall x1 |
| 32:31 | Smiley · wall_segment Stone Wall x1 |
| 32:32 | Smiley · wall_segment Stone Wall x1 |
| 32:32 | Smiley · wall_segment Stone Wall x1 |
| 32:33 | Smiley · wall_segment Stone Wall x1 |
| 32:33 | Smiley · wall_segment Stone Wall x1 |
| 32:33 | Smiley · wall_segment Stone Wall x1 |
| 32:34 | Smiley · wall_segment Stone Wall x1 |
| 32:36 | Smiley · wall_segment Stone Wall x6 |
| 32:44 | TAG_Sitaux · wall_segment Palisade Wall x1 |
| 32:45 | Smiley · wall_segment Stone Wall x1 |
| 32:47 | Smiley · wall_segment Stone Wall x1 |
| 32:48 | Smiley · wall_segment Stone Wall x1 |
| 32:49 | Smiley · wall_segment Stone Wall x1 |
| 33:50 | Fs.Mareonix · resign |
[ AI ANALYSIS · 1 CREDIT ]
What really happened in this match?
Wolo.gg analyzes every decision: build order, eco, micro, common mistakes by bracket. Personalized analysis on WhatsApp or Discord in 30 seconds.
Civ guide
Turks
Perfil
Jugador #212721